[Event "Monday 02 April Rapid Engine Tour 12+1 Rounds 9 Starts 1600ST"]
[Site "Infinity Chess"]
[Date "2018.4.2"]
[Round "2"]
[White "KhalidOmar"]
[Black "KULLANI"]
[Result "1/2-1/2"]
[ECO "C77"]
[WhiteElo "2448"]
[BlackElo "2449"]
[WhiteEngine "Eman 1.70-beta13 64-bit BMI2"]
[BlackEngine "BrainFish_180329_x64"]
[EventType "Swiss"]
[WhiteTeam ""]
[BlackTeam ""]
[PlyCount "198"]
[TimeControl "720+1"]

1. e4 e5 2. Nf3 Nc6 3. Bb5 a6 4. Ba4 Nf6 5. O-O Be7 6. Re1 b5 7. Bb3 O-O 
8. a4 b4 9. a5 d6 10. d3 Be6 11. Bxe6 fxe6 12. Nbd2 Qe8 13. Nc4 Qg6 14. c3 Rab8 
15. h3 Nh5 16. Be3 Nf4 17. Bxf4 Rxf4 18. Ncd2 bxc3 19. bxc3 Bg5 20. Nxg5 Qxg5 
21. Re3 Qe7 22. Nf3 Rff8 23. d4 Rb5 24. Qe2 Rfb8 25. dxe5 dxe5 26. Kh2 Nxa5 
27. Ra2 Qd6 28. Ne1 Nb7 29. Rg3 Rf8 30. Nf3 Ra5 31. Rb2 Rb5 32. Rd2 Qe7 
33. Ra2 Nd6 34. Rxa6 Rfb8 35. c4 Rb2 36. Qe3 Nf7 37. Ne1 R2b6 38. Ra7 Rc6 
39. Ra4 Rd6 40. Nd3 h5 41. c5 Rdd8 42. Ra3 Ra8 43. Rb3 Qf6 44. Qe2 h4 
45. Rf3 Qe7 46. Qb2 Ng5 47. Re3 Rd4 48. Qe2 Nf7 49. Rb1 Rad8 50. Rb7 Ra4 
51. Qb2 Rc4 52. Qa2 Rcd4 53. Qe2 Rc4 54. Rf3 Rcd4 55. Rb3 Rc4 56. Re3 Qf6 
57. Ra3 Rcd4 58. g3 hxg3+ 59. fxg3 Qe7 60. h4 Qd7 61. Qa2 Qc6 62. Kh3 Qd7 
63. Qb3 Qc6 64. Qb2 Qe8 65. Rc3 Ra8 66. Nf2 Rb8 67. Rb3 Rbd8 68. Rec3 Qc6 
69. Rb8 Rxb8 70. Qxb8+ Nd8 71. Rc2 Qa4 72. Rb2 Qa1 73. Kg2 Qa5 74. Qb5 Qxb5 
75. Rxb5 Kf8 76. g4 Ke7 77. Rb8 Rc4 78. g5 g6 79. h5 gxh5 80. Rc8 Rxc5 
81. g6 Kf6 82. Rxd8 Kxg6 83. Kg3 Rc2 84. Rg8+ Kf6 85. Kh4 c5 86. Kxh5 Ke7 
87. Rg2 c4 88. Kg4 Ra2 89. Kf3 Ra3+ 90. Ke2 Kd6 91. Kd2 Ra8 92. Kc1 Kc5 
93. Rg6 c3 94. Rxe6 Ra1+ 95. Kc2 Ra2+ 96. Kxc3 Rxf2 97. Rxe5+ Kd6 98. Rh5 Rf1 
99. Kd4 Rd1+ 1/2-1/2

[Event "Monday 02 April Rapid Engine Tour 12+1 Rounds 9 Starts 1600ST"]
[Site "Infinity Chess"]
[Date "2018.4.2"]
[Round "2"]
[White "Marsell"]
[Black "Macho"]
[Result "1/2-1/2"]
[ECO "C55"]
[WhiteElo "2454"]
[BlackElo "2457"]
[WhiteEngine "asmFishW_2018-04-02_bmi2"]
[BlackEngine "Cfish 2018-04-01 64 POPC_CTG"]
[EventType "Swiss"]
[WhiteTeam ""]
[BlackTeam ""]
[PlyCount "144"]
[TimeControl "720+1"]

1. e4 e5 2. Nf3 Nc6 3. Bc4 Nf6 4. d3 Bc5 5. c3 d6 6. O-O O-O 7. h3 a5 
8. Nbd2 Be6 9. Bb5 h6 10. Re1 Qb8 11. Nf1 Qa7 12. Be3 Bxe3 13. Nxe3 Ne7 
14. a4 Ng6 15. Bc4 Bd7 16. Nh2 Be6 17. Nhg4 Nxg4 18. hxg4 Bxc4 19. Nxc4 Nf4 
20. g5 hxg5 21. g3 Ne6 22. Qh5 f6 23. Kg2 Qb8 24. Rh1 Qe8 25. Qg4 Kf7 
26. Ne3 Rh8 27. Rxh8 Qxh8 28. Nf5 Qg8 29. Rh1 Kf8 30. d4 exd4 31. cxd4 Rd8 
32. Qf3 Rd7 33. Qc3 d5 34. Qxa5 dxe4 35. Qb4+ Kf7 36. Qxb7 Qd8 37. Qxe4 Nxd4 
38. Ra1 Nxf5 39. Qxf5 Qa8+ 40. Qf3 Rd8 41. a5 g4 42. Qxa8 Rxa8 43. Kf1 Ke6 
44. Ke2 Kd6 45. Kd3 Kc6 46. Rc1+ Kb7 47. Rc5 Rd8+ 48. Kc2 g6 49. b4 Re8 
50. Rd5 f5 51. Rb5+ Ka6 52. Rc5 Kb7 53. Kc3 c6 54. Kb3 Re1 55. Rc4 Re8 
56. Rd4 Kc7 57. Rd3 Re2 58. f3 gxf3 59. Rxf3 Re4 60. Ka4 Kb7 61. Ka3 Re1 
62. Rd3 Rb1 63. Rd7+ Ka6 64. Rc7 Kb5 65. Rb7+ Kc4 66. Rb6 Ra1+ 67. Kb2 Ra4 
68. Rxc6+ Kxb4 69. Rxg6 Rxa5 70. Rf6 Rc5 71. Rb6+ Rb5 72. Rxb5+ Kxb5 1/2-1/2

[Event "Monday 02 April Rapid Engine Tour 12+1 Rounds 9 Starts 1600ST"]
[Site "Infinity Chess"]
[Date "2018.4.2"]
[Round "2"]
[White "OlivierEvan"]
[Black "KRAKEN"]
[Result "1/2-1/2"]
[ECO "A05"]
[WhiteElo "2459"]
[BlackElo "2463"]
[WhiteEngine "Houdini 6"]
[BlackEngine "Raubfisch X38_CTG"]
[EventType "Swiss"]
[WhiteTeam ""]
[BlackTeam ""]
[PlyCount "119"]
[TimeControl "720+1"]

1. Nf3 Nf6 2. b3 g6 3. Bb2 Bg7 4. e3 c5 5. c4 O-O 6. Be2 d5 7. cxd5 Qxd5 
8. O-O Nc6 9. Nc3 Qd8 10. Rc1 Bf5 11. Na4 b6 12. d4 cxd4 13. Nxd4 Nxd4 
14. Bxd4 Rc8 15. Nc3 Re8 16. f4 Bg4 17. Bf3 e6 18. Be5 Bxf3 19. Qxf3 Qe7 
20. Nb5 Red8 21. h3 Nd5 22. e4 Nb4 23. Rxc8 Rxc8 24. Nd6 Rc6 25. Bxg7 Kxg7 
26. e5 Nd5 27. Kh2 Rc2 28. Qd3 Rc3 29. Qd2 Qh4 30. f5 gxf5 31. Qxd5 Qg3+ 
32. Kh1 exd5 33. Nxf5+ Kf8 34. Nxg3 Rxg3 35. Rd1 Ke7 36. Rxd5 Re3 37. Kh2 Re4 
38. a4 Rb4 39. Rd3 a5 40. g4 b5 41. axb5 Rxb5 42. Kg3 Rxe5 43. Rc3 Rb5 
44. Kf4 Ke6 45. h4 Rb4+ 46. Kg5 f6+ 47. Kh5 Rb5+ 48. Kh6 Rb4 49. Kxh7 Rxg4 
50. h5 f5 51. Rc6+ Kd5 52. Rg6 Ke4 53. h6 Rh4 54. Kg7 f4 55. h7 f3 56. h8=Q Rxh8 
57. Kxh8 Ke3 58. b4 f2 59. Rf6 axb4 60. Re6+ 1/2-1/2

[Event "Monday 02 April Rapid Engine Tour 12+1 Rounds 9 Starts 1600ST"]
[Site "Infinity Chess"]
[Date "2018.4.2"]
[Round "2"]
[White "Gilgamesch"]
[Black "fati64"]
[Result "1/2-1/2"]
[ECO "C55"]
[WhiteElo "2478"]
[BlackElo "2464"]
[WhiteEngine "BrainFish_180401_x64_bmi2"]
[BlackEngine "S_XPrO .64"]
[EventType "Swiss"]
[WhiteTeam ""]
[BlackTeam ""]
[PlyCount "110"]
[TimeControl "720+1"]

1. e4 e5 2. Nf3 Nc6 3. Bc4 Nf6 4. d3 Bc5 5. c3 O-O 6. Nbd2 a5 7. O-O d6 
8. Re1 h6 9. Nf1 Be6 10. Bb5 Ne7 11. Ng3 c6 12. Ba4 b5 13. Bc2 a4 14. d4 Bb6 
15. Be3 Ng6 16. h3 Re8 17. Bd3 Qc7 18. Qc1 Bc8 19. Qd2 Be6 20. Rac1 Reb8 
21. Nf5 Qd8 22. Bb1 Qf8 23. Qe2 Kh8 24. Nd2 c5 25. a3 Bc7 26. Qf3 Bd8 
27. Red1 Nh7 28. dxc5 dxc5 29. g3 Bg5 30. Nf1 Ne7 31. h4 Bxe3 32. N1xe3 Nc6 
33. Qe2 Ra7 34. Bc2 g6 35. Nd6 c4 36. Rd2 Rd7 37. Rcd1 Nf6 38. Qf3 Qe7 
39. Nd5 Bxd5 40. exd5 Rxd6 41. dxc6 Rxd2 42. Rxd2 Rc8 43. h5 g5 44. Re2 Kg8 
45. Qf5 Rxc6 46. Rxe5 Re6 47. Rxe6 Qxe6 48. Qxb5 Ng4 49. Qc5 Qe2 50. Bxa4 Qe1+ 
51. Kg2 Qe4+ 52. Kg1 Qb1+ 53. Kg2 Qe4+ 54. Kg1 Qb1+ 55. Kg2 Qe4+ 1/2-1/2

[Event "Monday 02 April Rapid Engine Tour 12+1 Rounds 9 Starts 1600ST"]
[Site "Infinity Chess"]
[Date "2018.4.2"]
[Round "2"]
[White "CoffeeOne"]
[Black "SkyPilot"]
[Result "0-1"]
[ECO "C50"]
[WhiteElo "2496"]
[BlackElo "2487"]
[WhiteEngine "Houdini 6"]
[BlackEngine "stockfish_x64_bmi2_2018_03_30_CTG"]
[EventType "Swiss"]
[WhiteTeam ""]
[BlackTeam ""]
[PlyCount "392"]
[TimeControl "720+1"]

1. e4 e5 2. Nf3 Nc6 3. Bc4 Bc5 4. O-O Nf6 5. d3 d6 6. c3 O-O 7. Re1 Bb6 8. h3 h6 
9. Nbd2 a5 10. Nf1 Be6 11. Bb5 Ne7 12. d4 exd4 13. Nxd4 Bd7 14. Bxd7 Qxd7 
15. Ng3 Ng6 16. Ndf5 Rfe8 17. Be3 Bxe3 18. Rxe3 a4 19. Nh5 Nxh5 20. Qxh5 Qe6 
21. a3 Qb3 22. Qe2 Ra5 23. Rd1 Qb6 24. Kh2 Ne7 25. Ng3 Ng6 26. Rd4 Qb5 
27. Qd2 Kf8 28. Qc2 Qc6 29. Nf5 Nf4 30. Rf3 Ne6 31. Rb4 Qa6 32. c4 Nc5 
33. Re3 Qc6 34. Nd4 Qd7 35. f3 Raa8 36. Qc3 Qe7 37. g3 h5 38. h4 Qd7 39. Nf5 f6 
40. Qd2 Re5 41. Re2 Kg8 42. Rg2 g6 43. Nd4 Kh7 44. Rb5 Qf7 45. Qc2 Rae8 
46. Qc3 Rg8 47. Qc2 b6 48. Kg1 Ree8 49. Rd2 Kh8 50. Qc3 Kh7 51. Qc2 Kg7 
52. Rf2 Rgf8 53. Kh2 Re7 54. Rb4 Kh7 55. Rg2 Re5 56. Rb5 Rg8 57. Nc6 Ree8 
58. Nd4 Qd7 59. Qd2 Qg7 60. Qd1 Qe7 61. Qc2 Kg7 62. Qd2 Qd7 63. Kg1 Re5 
64. Kh2 g5 65. Nf5+ Kf8 66. Qc2 Qe6 67. Qd2 Qd7 68. Qc2 Qe6 69. Qd2 Rg6 
70. Ne3 Qe8 71. Rf2 Rg7 72. hxg5 h4 73. g4 fxg5 74. Nf5 Rg6 75. Rb4 Kg8 
76. Qc2 Kh7 77. Kg1 Qf7 78. Rd2 Qe8 79. Rf2 Kg8 80. Kh2 Qf7 81. Rd2 Rge6 
82. Rd5 Qe8 83. Qd2 Rg6 84. Kg2 Kh7 85. Qc2 Rg8 86. Qd2 Qf7 87. Rb5 Qf6 
88. Qd4 Ne6 89. Qd2 Nc5 90. Qd4 Rf8 91. Qe3 Rfe8 92. Kg1 Kh8 93. Qf2 R5e6 
94. Rd1 Re5 95. Qe3 Rf8 96. Qf2 Kh7 97. Rb4 Rd8 98. Rb5 Ree8 99. Rb4 Re6 
100. Kh1 Re5 101. Qh2 Ree8 102. Qf2 Ra8 103. Rb5 Re5 104. Rd5 Rf8 105. Rd1 Rf7 
106. Rb4 Re8 107. Qc2 Rff8 108. Qd2 Re5 109. Rb5 Re6 110. Qe1 Rh8 111. Qe2 Rb8 
112. Nd4 Ree8 113. Nf5 Kg6 114. Qd2 Re5 115. Rb4 Rf8 116. Qh2 Kh7 117. Rd5 Rfe8 
118. Rd1 R5e7 119. Qd2 Rf7 120. Rf1 Kg6 121. Rg1 Rh7 122. Rg2 h3 123. Re2 Qe5 
124. Rb5 h2 125. Qe3 Rg8 126. Rd2 Kf6 127. Qe2 Rh3 128. Qd1 Re8 129. Qf1 Reh8 
130. Qd1 Re8 131. Qf1 Reh8 132. Qd1 Kf7 133. Rf2 Ke8 134. Rf1 Kd8 135. Qd5 Qxd5 
136. cxd5 Nb3 137. Rb4 Nd2 138. Rc1 Nxf3 139. Rbc4 R3h7 140. Rxa4 Ne5 
141. Rc2 Nxg4 142. Rg2 Nf6 143. Rxg5 Kd7 144. Ng3 Re7 145. Rg6 Rf7 146. Rb4 Rh3 
147. Rg5 Kc8 148. Rc4 Kb7 149. Rc1 Rh4 150. e5 dxe5 151. Rf5 Rh6 152. Ne2 Rfh7 
153. Rxe5 Rh3 154. Rf1 Rd3 155. Ref5 Ne4 156. R5f3 Rd2 157. Nc3 Nxc3 
158. bxc3 Rxd5 159. Rb1 Rd2 160. Rc1 Ra2 161. c4 Rh5 162. Rg3 Ra5 163. Rcc3 Rf5 
164. Rc1 Ra5 165. Rcc3 Re5 166. Rc1 Rh5 167. Rb3 Ra5 168. Rcc3 Rg5 169. Rb1 Kc6 
170. c5 Rxc5 171. Rg3 Kb7 172. Rd1 Rac2 173. Rdd3 Ka6 174. Rd4 Rh5 175. Rd1 Rcc5 
176. Rg7 Rhg5 177. Rxg5 Rxg5 178. Rd8 Rg3 179. Kxh2 Re3 180. Ra8+ Kb7 
181. Ra4 Rd3 182. Kg1 c5 183. Kf2 Rd4 184. Rb4 cxb4 185. axb4 Kc6 186. b5+ Kxb5 
187. Kf3 Kc4 188. Ke3 b5 189. Kf3 b4 190. Ke3 b3 191. Kf3 b2 192. Kg3 b1=Q 
193. Kf3 Qe4+ 194. Kg3 Qg4+ 195. Kf2 Rd2+ 196. Ke1 Qd1# 0-1

[Event "Monday 02 April Rapid Engine Tour 12+1 Rounds 9 Starts 1600ST"]
[Site "Infinity Chess"]
[Date "2018.4.2"]
[Round "2"]
[White "MarioDeMonti"]
[Black "Brtroy"]
[Result "1/2-1/2"]
[ECO "C50"]
[WhiteElo "2513"]
[BlackElo "2508"]
[WhiteEngine "stockfish_x64_bmi2_2018_02_18_CTG"]
[BlackEngine "Stockfish_18040103_x64_bmi2_CTG"]
[EventType "Swiss"]
[WhiteTeam ""]
[BlackTeam ""]
[PlyCount "97"]
[TimeControl "720+1"]

1. e4 e5 2. Nf3 Nc6 3. Bc4 Bc5 4. O-O Nf6 5. d3 a5 6. c3 d6 7. Re1 O-O 
8. Nbd2 Ba7 9. h3 h6 10. a4 Be6 11. b3 d5 12. exd5 Nxd5 13. Ne4 Re8 14. Bd2 Nf6 
15. Qe2 Nxe4 16. Qxe4 Qd7 17. Rad1 Rad8 18. b4 axb4 19. cxb4 Nd4 20. Qxb7 Bxc4 
21. dxc4 Qxa4 22. Ra1 Qc2 23. Rxa7 Nxf3+ 24. Qxf3 Qxd2 25. Rf1 Qxb4 26. Rxc7 Re7 
27. Rxe7 Qxe7 28. Rd1 Rc8 29. Qe4 g6 30. Rd5 Kg7 31. Rxe5 Qa3 32. Re7 Qa1+ 
33. Kh2 Qf6 34. Kg1 Qa1+ 35. Kh2 Qf6 36. f3 Rxc4 37. Qxc4 Qxe7 38. Qc3+ Qf6 
39. Qe3 g5 40. Kg3 Kf8 41. f4 Kg7 42. fxg5 hxg5 43. Kg4 Kg6 44. h4 Qf5+ 
45. Kg3 gxh4+ 46. Kxh4 Qh5+ 47. Kg3 Kf6 48. Qc1 Kg7 49. Qe3 1/2-1/2

[Event "Monday 02 April Rapid Engine Tour 12+1 Rounds 9 Starts 1600ST"]
[Site "Infinity Chess"]
[Date "2018.4.2"]
[Round "2"]
[White "Murx"]
[Black "xeonrocks"]
[Result "1/2-1/2"]
[ECO "C50"]
[WhiteElo "2491"]
[BlackElo "2560"]
[WhiteEngine "BrainFish_180329_x64_modern"]
[BlackEngine "Stockfish_x64_bmi2_CTG"]
[EventType "Swiss"]
[WhiteTeam ""]
[BlackTeam ""]
[PlyCount "163"]
[TimeControl "720+1"]

1. e4 e5 2. Nf3 Nc6 3. Bc4 Bc5 4. O-O Nf6 5. d3 d6 6. c3 a5 7. Re1 Ba7 8. Bg5 h6 
9. Bh4 Qe7 10. Nbd2 g5 11. Bg3 Nh7 12. Bb5 h5 13. h4 g4 14. Nh2 Nf8 15. Nc4 Ng6 
16. d4 O-O 17. Bxc6 bxc6 18. Nxa5 Bd7 19. dxe5 Nxe5 20. Nf1 f6 21. Nb3 Rab8 
22. Re2 Rbe8 23. Kh1 Qf7 24. Nd4 c5 25. Nf5 Bxf5 26. exf5 c4 27. Qd2 Nd3 
28. Ne3 Nc5 29. Rae1 Nd3 30. Ra1 Nc5 31. Kh2 Ne4 32. Qe1 Nxg3 33. Kxg3 Qe7 
34. Kh2 Kf7 35. g3 Qe4 36. a4 Re5 37. a5 Qf3 38. Qd2 Rfe8 39. Rae1 d5 
40. Qd1 Bxe3 41. fxe3 Qxf5 42. Rf1 Qe6 43. Ref2 Qd6 44. Qd4 R8e6 45. Rf5 Kg7 
46. a6 c5 47. Qf4 Rxe3 48. Rxh5 Qxf4 49. Rxf4 Re2+ 50. Kg1 Rxa6 51. Rxd5 Rxb2 
52. Rxg4+ Kf7 53. Rd7+ Ke6 54. Rd1 Raa2 55. Rxc4 Rg2+ 56. Kh1 f5 57. Rxc5 Rh2+ 
58. Kg1 Rhg2+ 59. Kf1 Raf2+ 60. Ke1 Re2+ 61. Kf1 Ra2 62. Re1+ Kf6 63. Rd1 Rxg3 
64. Rdd5 Rf3+ 65. Ke1 Kg6 66. Rc7 Kh5 67. Rh7+ Kg4 68. Rf7 Rxc3 69. Rd4+ Kh3 
70. Rd2 Ra5 71. h5 f4 72. h6 Ra1+ 73. Ke2 Kg4 74. h7 Rh1 75. Rd4 Re3+ 
76. Kf2 Rf3+ 77. Kg2 Rfh3 78. h8=Q Rxh8 79. Rfxf4+ Kg5 80. Kg3 R8h2 81. Rd5+ Kh6 
82. Rf6+ 1/2-1/2

[Event "Monday 02 April Rapid Engine Tour 12+1 Rounds 9 Starts 1600ST"]
[Site "Infinity Chess"]
[Date "2018.4.2"]
[Round "1"]
[White "beka"]
[Black "Marsell"]
[Result "1/2-1/2"]
[ECO "C77"]
[WhiteElo "2369"]
[BlackElo "2458"]
[WhiteEngine "stockfish_18032408_32bit"]
[BlackEngine "asmFishW_2018-04-02_bmi2"]
[EventType "Swiss"]
[WhiteTeam ""]
[BlackTeam ""]
[PlyCount "105"]
[TimeControl "720+1"]

1. e4 e5 2. Nf3 Nc6 3. Bb5 a6 4. Ba4 Nf6 5. O-O Be7 6. Re1 b5 7. Bb3 O-O 
8. c3 d5 9. exd5 Nxd5 10. Nxe5 Nxe5 11. Rxe5 c6 12. d3 Bd6 13. Re1 Bf5 
14. Qf3 Qf6 15. Be3 Rfe8 16. Bxd5 cxd5 17. Qxd5 Rad8 18. Qf3 Qg6 19. h3 Bc7 
20. Nd2 Rxd3 21. Nb3 Be4 22. Qg4 Qd6 23. Bf4 Qxf4 24. Qxf4 Bxf4 25. Nc5 Rd5 
26. Rxe4 Rxe4 27. Nxe4 f5 28. Ng3 Bxg3 29. fxg3 Rd2 30. b4 Rc2 31. a4 Rxc3 
32. axb5 axb5 33. Ra5 Rxg3 34. Rxb5 Rb3 35. Kf1 Rb2 36. h4 g6 37. Rb7 f4 
38. Kg1 h6 39. Rb8+ Kg7 40. Rb6 h5 41. Kf1 Kf7 42. b5 Rb3 43. Kf2 Kg7 
44. Rb7+ Kf6 45. b6 Kf5 46. Rf7+ Kg4 47. Rf6 Rb2+ 48. Kf1 g5 49. hxg5 Kxg5 
50. Re6 Kf5 51. Rh6 Ke4 52. Rxh5 Rxb6 53. Rh8 1/2-1/2

[Event "Monday 02 April Rapid Engine Tour 12+1 Rounds 9 Starts 1600ST"]
[Site "Infinity Chess"]
[Date "2018.4.2"]
[Round "1"]
[White "Macho"]
[Black "angriff"]
[Result "1/2-1/2"]
[ECO "C50"]
[WhiteElo "2460"]
[BlackElo "2387"]
[WhiteEngine "Cfish 2018-04-01 64 POPC_CTG"]
[BlackEngine "DracoREX 3.07 64BIT POPCNT_CTG"]
[EventType "Swiss"]
[WhiteTeam ""]
[BlackTeam ""]
[PlyCount "133"]
[TimeControl "720+1"]

1. e4 e5 2. Nf3 Nc6 3. Bc4 Bc5 4. O-O Nf6 5. d3 d6 6. c3 O-O 7. h3 a6 8. Re1 Ba7 
9. a4 h6 10. Nbd2 Nh5 11. Nf1 Qf6 12. N1h2 Qg6 13. g4 Be6 14. Bb3 Nf6 
15. Nh4 Qh7 16. Bc2 g6 17. Qf3 Nd7 18. b4 Kh8 19. Qg3 a5 20. b5 Ne7 21. N2f3 Bb6 
22. d4 f6 23. Be3 Rae8 24. Nd2 Rg8 25. Rad1 Bf7 26. Qg2 g5 27. Nf5 Ng6 28. f3 h5 
29. Bb3 Bxb3 30. Nxb3 Nf4 31. Qh2 d5 32. Kh1 dxe4 33. Bxf4 gxf4 34. Rxe4 c6 
35. bxc6 bxc6 36. Nd2 Bc7 37. Rb1 Rgf8 38. Ree1 exd4 39. cxd4 c5 40. d5 Be5 
41. Nc4 Rb8 42. Qg2 Rb4 43. Rxb4 axb4 44. d6 b3 45. Ne7 b2 46. Nxb2 Bxd6 
47. Nf5 Be5 48. a5 Rb8 49. Nc4 hxg4 50. Qxg4 Rg8 51. Qh4 Qxh4 52. Nxh4 Bd4 
53. Nf5 Ne5 54. Nxd4 cxd4 55. Nxe5 fxe5 56. Rxe5 Rd8 57. h4 d3 58. Re1 Kg7 
59. a6 Kg6 60. Kg2 d2 61. Rd1 Kh5 62. a7 Kxh4 63. a8=Q Rxa8 64. Rxd2 Ra3 
65. Re2 Ra1 66. Rb2 Ra5 67. Rf2 1/2-1/2

[Event "Monday 02 April Rapid Engine Tour 12+1 Rounds 9 Starts 1600ST"]
[Site "Infinity Chess"]
[Date "2018.4.2"]
[Round "1"]
[White "star99"]
[Black "OlivierEvan"]
[Result "1/2-1/2"]
[ECO "A40"]
[WhiteElo "2398"]
[BlackElo "2462"]
[WhiteEngine "Cryptic Heroes 9.2B"]
[BlackEngine "Houdini 6"]
[EventType "Swiss"]
[WhiteTeam ""]
[BlackTeam ""]
[PlyCount "176"]
[TimeControl "720+1"]

1. d4 g6 2. e4 Bg7 3. Nf3 d6 4. Bd3 Nf6 5. O-O Nbd7 6. Re1 e5 7. c3 O-O 
8. h3 Re8 9. d5 c6 10. c4 Nc5 11. Bc2 cxd5 12. cxd5 Nh5 13. Nc3 Nf4 14. a4 a5 
15. Nb5 Bf8 16. Re3 b6 17. Nd2 Rb8 18. Nc4 Ba6 19. Rc3 Qd7 20. Nca3 Bh6 
21. Be3 Rf8 22. Nc4 Bxb5 23. axb5 Rfc8 24. Rb1 Kg7 25. Qd2 Kg8 26. Kh2 Bg7 
27. Qd1 Qd8 28. g3 Nh5 29. Kg2 Nf6 30. f3 Rc7 31. Qc1 Qd7 32. g4 Ne8 33. b4 axb4 
34. Rxb4 Bf6 35. Ra3 Bh4 36. Rb2 Rcc8 37. Bd1 Qd8 38. Be2 h6 39. Qf1 Bg5 
40. Bf2 Bh4 41. Be3 Bg5 42. Bf2 Bh4 43. Bg1 Kg7 44. Rba2 Bg5 45. Kh1 Rc7 
46. Qb1 Rcc8 47. Ra7 Kg8 48. Kg2 Qf6 49. Kh1 Qd8 50. Bf2 Bh4 51. Be3 Bg5 
52. Bg1 Bh4 53. Kg2 Bg5 54. Bf2 Bh4 55. Bg1 Bg5 56. Kh1 Bh4 57. Ra1 Qg5 
58. Qf1 Qf6 59. R1a2 Kg7 60. Kg2 Nc7 61. Qb1 Ne8 62. R7a6 Qd8 63. R6a3 Bg5 
64. Kh1 Bh4 65. Kg2 Bg5 66. Kh1 Bh4 67. Ra1 Kg8 68. Ra7 Qg5 69. Be3 Qf6 
70. Qc2 Bg5 71. Bf2 Bh4 72. Bg1 Qf4 73. R1a3 Qg3 74. Bf1 Qf4 75. Qb1 Qf6 
76. Be2 Bg5 77. Bf2 Bh4 78. Be3 Bg5 79. Bf2 Bh4 80. Bg1 Bg5 81. Ra1 Qf4 
82. R7a3 Qf6 83. Qf1 Bh4 84. Ra7 Kg7 85. Kg2 Nc7 86. Qb1 Ne8 87. Qf1 Qf4 
88. Bh2 Rb7 1/2-1/2

[Event "Monday 02 April Rapid Engine Tour 12+1 Rounds 9 Starts 1600ST"]
[Site "Infinity Chess"]
[Date "2018.4.2"]
[Round "1"]
[White "KRAKEN"]
[Black "KQRBNP"]
[Result "1/2-1/2"]
[ECO "E10"]
[WhiteElo "2466"]
[BlackElo "2402"]
[WhiteEngine "Raubfisch X38_CTG"]
[BlackEngine "Eman 1.70-beta13 64-bit POPCNT"]
[EventType "Swiss"]
[WhiteTeam ""]
[BlackTeam ""]
[PlyCount "49"]
[TimeControl "720+1"]

1. d4 Nf6 2. c4 e6 3. Nf3 d5 4. Nc3 c6 5. Bg5 h6 6. Bxf6 Qxf6 7. e3 Nd7 
8. Be2 Qd8 9. Qc2 Be7 10. Rc1 a6 11. O-O O-O 12. c5 Qc7 13. e4 dxe4 14. Qxe4 e5 
15. Nxe5 Nxe5 16. dxe5 Bxc5 17. Bd3 g6 18. Qf4 Be6 19. Qxh6 Qxe5 20. Bxg6 fxg6 
21. Qxg6+ Kh8 22. Qh6+ Kg8 23. Qg6+ Kh8 24. Qh6+ Kg8 25. Qg6+ 1/2-1/2

[Event "Monday 02 April Rapid Engine Tour 12+1 Rounds 9 Starts 1600ST"]
[Site "Infinity Chess"]
[Date "2018.4.2"]
[Round "1"]
[White "hafaba"]
[Black "fati64"]
[Result "1/2-1/2"]
[ECO "C55"]
[WhiteElo "2404"]
[BlackElo "2467"]
[WhiteEngine "Eman 1.70-beta13 64-bit POPCNT"]
[BlackEngine "S_XPrO .64"]
[EventType "Swiss"]
[WhiteTeam ""]
[BlackTeam ""]
[PlyCount "131"]
[TimeControl "720+1"]

1. e4 e5 2. Nf3 Nc6 3. Bc4 Nf6 4. d3 Bc5 5. c3 O-O 6. a4 a5 7. Bg5 h6 8. Bh4 d6 
9. Nbd2 Be6 10. O-O Qe7 11. Re1 Bb6 12. Bb5 Na7 13. Bc4 Nc6 14. Bb3 g5 
15. Bg3 Rae8 16. Nc4 Ba7 17. Ne3 Qd7 18. h3 Bxb3 19. Qxb3 Bxe3 20. Rxe3 Kh7 
21. Rae1 Nh5 22. d4 f6 23. Qxb7 Rb8 24. Qa6 Rxb2 25. R3e2 Rb6 26. Qd3 Qf7 
27. Nd2 exd4 28. cxd4 Rb4 29. e5+ Qg6 30. Qc3 Nxg3 31. fxg3 Nxd4 32. Rf2 dxe5 
33. Qxc7+ Rf7 34. Qxa5 Rb2 35. Qc3 Rc2 36. Qe3 Kg7 37. g4 Ra2 38. a5 Rxa5 
39. Ne4 Ra8 40. Ref1 Raf8 41. Nd6 Re7 42. Ne4 Ref7 43. Ng3 Kh8 44. Ra2 Ne6 
45. Ra6 Nf4 46. Nf5 h5 47. Rfa1 Rd7 48. Ra8 Qg8 49. Qf3 Rdd8 50. R8a7 Rd2 
51. Kh1 Rxg2 52. Ne7 hxg4 53. Qxg2 Qh7 54. Nd5 Nxg2 55. Rxh7+ Kxh7 
56. Kxg2 gxh3+ 57. Kxh3 f5 58. Kg3 e4 59. Ra6 Rd8 60. Ra7+ Kg6 61. Ra6+ Kg7 
62. Ra7+ Kg6 63. Nf4+ gxf4+ 64. Kxf4 Rd5 65. Ra6+ Kf7 66. Ra7+ 1/2-1/2

[Event "Monday 02 April Rapid Engine Tour 12+1 Rounds 9 Starts 1600ST"]
[Site "Infinity Chess"]
[Date "2018.4.2"]
[Round "1"]
[White "Murx"]
[Black "CrapCleaner"]
[Result "1-0"]
[ECO "C50"]
[WhiteElo "2477"]
[BlackElo "2419"]
[WhiteEngine "BrainFish_180329_x64_modern"]
[BlackEngine "Raubfisch ME262_GTZ16e2_CTG"]
[EventType "Swiss"]
[WhiteTeam ""]
[BlackTeam ""]
[PlyCount "145"]
[TimeControl "720+1"]

1. e4 e5 2. Nf3 Nc6 3. Bc4 Bc5 4. O-O Nf6 5. d3 d6 6. c3 a5 7. Re1 O-O 
8. Nbd2 Be6 9. Bb5 Ne7 10. d4 c6 11. Bd3 Bb6 12. h3 Ng6 13. a4 exd4 14. cxd4 d5 
15. e5 Nh5 16. g3 Bxh3 17. Nf1 f6 18. Nh4 Nxg3 19. Nxg6 hxg6 20. e6 Ne4 
21. Bxe4 dxe4 22. Qb3 Qxd4 23. e7+ Rf7 24. Be3 Qd5 25. Qxd5 cxd5 26. Bxb6 Rxe7 
27. Ra3 Be6 28. Rc1 f5 29. Rg3 Kh7 30. f4 exf3 31. Nh2 f4 32. Rg5 Bf5 
33. Nxf3 Re2 34. Rg2 Rae8 35. Ng5+ Kh6 36. Nf7+ Kh7 37. Ng5+ Kh6 38. Nf7+ Kh7 
39. Bd4 R8e7 40. Ng5+ Kh6 41. Bf2 Be4 42. Rh2+ Kxg5 43. Bh4+ Kf5 44. Bxe7 Re3 
45. Bd8 g5 46. Rc7 Kg6 47. Rxb7 Re1+ 48. Kf2 Rc1 49. Rh8 Rc2+ 50. Ke1 f3 
51. Rf8 g4 52. Bh4 Re2+ 53. Kd1 Bc2+ 54. Kc1 Be4 55. Rg8 Kf5 56. Bg3 Kf6 
57. Rf8+ Kg6 58. Re7 Bd3 59. Be5 Kh6 60. Rh8+ Kg5 61. Rxg7+ Bg6 62. Bg3 Kf6 
63. Rhg8 Be4 64. Rxg4 Rg2 65. Bh4+ Kf7 66. R8g7+ Ke6 67. Rxe4+ dxe4 
68. Rxg2 fxg2 69. Bf2 Kf5 70. Kd2 Ke6 71. Be3 Kd5 72. b3 Kc6 73. Ke2 1-0

[Event "Monday 02 April Rapid Engine Tour 12+1 Rounds 9 Starts 1600ST"]
[Site "Infinity Chess"]
[Date "2018.4.2"]
[Round "1"]
[White "ivrdurant"]
[Black "Gilgamesch"]
[Result "1/2-1/2"]
[ECO "C50"]
[WhiteElo "2428"]
[BlackElo "2480"]
[WhiteEngine "Raubfisch ME262_GTZ16d4"]
[BlackEngine "BrainFish_180401_x64_bmi2"]
[EventType "Swiss"]
[WhiteTeam ""]
[BlackTeam ""]
[PlyCount "60"]
[TimeControl "720+1"]

1. e4 e5 2. Nf3 Nc6 3. Bc4 Bc5 4. O-O Nf6 5. d3 a5 6. c3 d6 7. Re1 h6 8. h3 O-O 
9. Nbd2 Be6 10. Bb5 Qb8 11. Nf1 Qa7 12. Re2 a4 13. Ng3 Qa5 14. Bxc6 bxc6 
15. Nh4 Rfe8 16. Re1 d5 17. exd5 Nxd5 18. Nhf5 Qb6 19. Qg4 Bxf2+ 20. Kh1 g6 
21. Re2 Nf4 22. Bxf4 Bxf5 23. Nxf5 exf4 24. Rxe8+ Rxe8 25. Nxh6+ Kg7 26. Rf1 Be3 
27. Nf5+ Kg8 28. Nh6+ Kg7 29. Nf5+ Kg8 30. Nh6+ Kg7 1/2-1/2

[Event "Monday 02 April Rapid Engine Tour 12+1 Rounds 9 Starts 1600ST"]
[Site "Infinity Chess"]
[Date "2018.4.2"]
[Round "1"]
[White "SkyPilot"]
[Black "ocirema"]
[Result "1/2-1/2"]
[ECO "B90"]
[WhiteElo "2489"]
[BlackElo "2431"]
[WhiteEngine "stockfish_x64_bmi2_2018_03_30_CTG"]
[BlackEngine "stockfish_18040103_x64_modern_CTG"]
[EventType "Swiss"]
[WhiteTeam ""]
[BlackTeam ""]
[PlyCount "99"]
[TimeControl "720+1"]

1. e4 c5 2. Nf3 d6 3. d4 cxd4 4. Nxd4 Nf6 5. Nc3 a6 6. Be3 e5 7. Nb3 Be6 
8. f3 h5 9. Qd2 Nbd7 10. Nd5 Nxd5 11. exd5 Bf5 12. Na5 Qc7 13. Rc1 Be7 
14. Bd3 Bxd3 15. cxd3 Qb8 16. d4 Bh4+ 17. g3 Bf6 18. O-O O-O 19. dxe5 Nxe5 
20. Kg2 Re8 21. b3 Re7 22. f4 Ng4 23. Bg1 Nh6 24. h3 Qf8 25. Qd3 Rae8 26. Bf2 g6 
27. Nc4 Nf5 28. Rce1 Rxe1 29. Rxe1 Rxe1 30. Bxe1 Qc8 31. Bb4 Qc7 32. g4 Nh4+ 
33. Kh2 b5 34. Nd2 hxg4 35. hxg4 Bg7 36. Kg3 a5 37. Kxh4 axb4 38. Ne4 Qa7 
39. Kg3 Qg1+ 40. Kf3 Bd4 41. Nxd6 Qh1+ 42. Kg3 Qc1 43. Qe4 Qg1+ 44. Kh3 Qf1+ 
45. Kh4 Bf6+ 46. Kg3 Qg1+ 47. Kf3 Qf1+ 48. Kg3 Qg1+ 49. Kf3 Qf1+ 50. Kg3 1/2-1/2